Cogmind - Beta 15 @@@ ROGUE MODE // 2025.06.16 @ 11:53:50 Player: sheepie6 Result: Smashed by cave-in Performance ------------- Evolutions (2) 1000 Regions Visited (5) 1000 Robots Destroyed (21) 105 Value Destroyed (697) 697 Prototype IDs (24) 480 Alien Tech Used (0) 0 Bonus (300) 300 TOTAL SCORE: 3582 Bonus ------- Aligned with FarCom 300 Cogmind --------- Core Integrity 0/550 Matter 19/300 Energy 100/100 System Corruption 32% Temperature Cool (0) Movement Core (50) Location -8/Materials Parts ------- > --- POWER (2) -------- (None) > --- PROPULSION (4) --- (None) > --- UTILITY (3) ------ (None) > --- WEAPON (2) ------- (None) > --- INVENTORY (5) ---- Micro Nuclear Core Micro Nuclear Core Potential Leg ECM Suite System Restoration Module Peak State ------------ > --- POWER ------------ Micro Nuclear Core Micro Nuclear Core > --- PROPULSION ------- Aluminum Leg Aluminum Leg Improved Aluminum Leg > --- UTILITY ---------- Improved Heat Sink Small Storage Unit Machine Analyzer > --- WEAPON ----------- Assault Rifle Rocket Launcher > --- INVENTORY -------- Ion Engine Micro Nuclear Core Micro Nuclear Core Potential Leg Potential Leg ECM Suite EM Pulse Gun Small Laser [Rating: 25] Favorites ----------- Power Ion Engine Engine Ion Engine Power Core Micro Nuclear Core Propulsion Aluminum Leg Leg Aluminum Leg Utility Small Storage Unit Device Improved Heat Sink Storage Small Storage Unit Processor Machine Analyzer Weapon Assault Rifle Energy Gun Small Laser Ballistic Gun Assault Rifle Launcher Grenade Launcher Build | -11 -10 -10 -10 -9 -8 ------- Run | Yrd Mat Min Exi Min Mat Slots Evolved 4 | . . . . . 4 Power 1 | . . . . . 1 Propulsion 2 | . . . . . 2 Utility 1 | . . . . . 1 Weapon . | . . . . . . Parts Attached 21 | 6 1 2 . 8 4 Power 5 | 1 . . . 2 2 Engine 3 | 1 . . . 2 . Core 2 | . . . . . 2 Reactor . | . . . . . . Propulsion 7 | 2 . 1 . 3 1 Treads . | . . . . . . Leg 7 | 2 . 1 . 3 1 Wheel . | . . . . . . Hover . | . . . . . . Flight . | . . . . . . Utility 4 | 1 . 1 . 1 1 Device 2 | . . 1 . 1 . Storage 1 | 1 . . . . . Processor 1 | . . . . . 1 Hackware . | . . . . . . Protection . | . . . . . . Artifact . | . . . . . . Weapon 5 | 2 1 . . 2 . Energy Gun 1 | 1 . . . . . Energy Cannon . | . . . . . . Ballistic Gun 1 | 1 . . . . . Ballistic Cannon . | . . . . . . Launcher 3 | . 1 . . 2 . Special Weapon . | . . . . . . Impact Weapon . | . . . . . . Slashing Weapon . | . . . . . . Piercing Weapon . | . . . . . . Special Melee Weapon . | . . . . . . Unidentified Prototypes 1 | . . 1 . . . Parts Lost 14 | . . . . 2 12 Power 2 | . . . . . 2 Propulsion 4 | . . . . . 4 Utility 3 | . . . . . 3 Weapon 5 | . . . . 2 3 Highest Loss Streak 6 | . . . . 1 6 To Critical Strikes . | . . . . . . Average Backups 7 | 3 7 8 8 7 6 Power 2 | . 1 2 2 2 2 Propulsion 2 | 1 3 2 2 2 1 Utility . | . . . . 1 1 Weapon 2 | 1 2 4 3 2 1 Tool/Special . | . . . . . . Unused Backups 14 | . 2 . 3 1 8 Power 4 | . . . . . 4 Propulsion 5 | . 2 . 2 . 1 Utility 3 | . . . . 1 2 Weapon 2 | . . . 1 . 1 Tool/Special . | . . . . . . Average Slot Usage (%) 76 | . 84 91 91 85 52 Engine 10 | . 14 14 14 14 2 Core 1 | . . . . . 6 Leg 24 | . 28 28 28 28 16 Device 2 | . . 5 6 . 5 Storage 11 | . 14 14 14 14 6 Processor 1 | . . . . . 4 Ballistic Gun 10 | . 14 14 14 14 3 Launcher 10 | . 11 14 14 13 5 Peak Build Rating 25 | 6 6 15 15 13 25 Average Rating 10 | 3 5 9 11 9 13 On Entrance 8 | . 6 6 15 9 13 Naked Turns 191 | . . . . . 191 Heaviest Build 24 | 13 15 16 16 17 24 Greatest Support 33 | 20 20 20 20 23 33 Greatest Overweight (x) . | . . . . . . Average Overweight (x) . | . . . . . . Largest Inventory Capacity 8 | 8 8 8 8 8 8 Average Capacity 7 | 6 8 8 8 8 7 Most Carried 8 | 8 8 8 8 8 8 Average Carried 7 | 3 7 8 7 7 6 Final Capacity 8 | 8 8 8 8 8 5 Final Carried 8 | 6 8 8 8 8 5 Class Distribution -------------------- 91% | Mutant 8% | Scavenger-Mutant Dominant Class ---------------- Mutant | -10/Materials Mutant | -10/Mines Mutant | -10/Exiles Mutant | -9/Mines Mutant | -8/Materials Resources | -11 -10 -10 -10 -9 -8 ----------- Run | Yrd Mat Min Exi Min Mat Matter Collected 689 | 236 116 61 . 276 . Remotely . | . . . . . . Salvage Created 514 | . 178 82 . 254 . Parts 29 | . 7 6 . 16 . Haulers Intercepted . | . . . . . . Recyclers Shooed . | . . . . . . Parts Field Recycled . | . . . . . . Retrieved Matter . | . . . . . . Parts Self-Destructed . | . . . . . . Prevented . | . . . . . . Kills | -11 -10 -10 -10 -9 -8 ------- Run | Yrd Mat Min Exi Min Mat Combat Hostiles Destroyed 19 | . 4 2 . 12 1 Guns 6 | . . . . 5 1 AOE 13 | . 4 2 . 7 . Classes Destroyed 7 | . 4 . . 2 1 Worker 2 | . 1 1 . . . Mechanic 1 | . 1 . . . . Watcher 2 | . 2 . . . . Grunt 14 | . 4 2 . 8 . Duelist 1 | . . . . 1 . Hunter 1 | . . . . . 1 Assembled 3 | . . . . 3 . Best Kill Streak 6 | . 6 3 . 5 1 Combat Bots Only 5 | . 2 2 . 5 1 Max Kills in Single Turn 2 | . 2 1 . 2 1 Gunslinging . | . . . . . . Exploded 2 | . 2 1 . 2 . Melee . | . . . . . . Uniques/NPCs Destroyed . | . . . . . . Combat | -11 -10 -10 -10 -9 -8 -------- Run | Yrd Mat Min Exi Min Mat Hostile Shots Fired 94 | . 19 6 . 57 12 Missed 38 | . 8 2 . 20 8 Hits 56 | . 11 4 . 37 4 Melee 4 | . . . . 4 . Projectile 52 | . 11 4 . 33 4 Damage Taken 2164 | . 191 59 . 525 1389 Core 771 | . 97 . . 120 554 Absorbed by Shields . | . . . . . . Regen/Repaired (Parts) 89 | . 27 . . . 62 Core Remaining (%) 56 | 100 . . . 13 . Volleys Fired 58 | 1 14 4 . 27 12 Largest 2 | 2 2 2 . 2 2 Hottest 73 | 60 60 50 . 53 73 Shots Fired 96 | 2 26 8 . 43 17 Gun 55 | 2 16 4 . 27 6 Cannon . | . . . . . . Launcher 41 | . 10 4 . 16 11 Special . | . . . . . . Kinetic 48 | 1 14 4 . 27 2 Thermal 7 | 1 2 . . . 4 Explosive 41 | . 10 4 . 16 11 Electromagnetic . | . . . . . . Robot Hit Streak 5 | 1 4 4 . 5 3 Robot Miss Streak 7 | 1 6 4 . 7 2 Penetration Max . | . . . . . . Secondary Targets . | . . . . . . Shots Hit Robots 40 | 1 15 4 . 14 6 Core Hits 48 | . 15 7 . 23 3 Critical Kills . | . . . . . . Critical Parts Destroyed . | . . . . . . Critical Strikes . | . . . . . . Melee Attacks . | . . . . . . Impact . | . . . . . . Slashing . | . . . . . . Piercing . | . . . . . . Sneak Attacks . | . . . . . . Combat Hostiles . | . . . . . . Follow-up Attacks . | . . . . . . Damage Inflicted 1815 | 20 621 219 . 724 231 Guns 322 | 20 93 26 . 165 18 Cannons . | . . . . . . Explosions 1489 | . 524 193 . 559 213 Melee . | . . . . . . Ramming 4 | . 4 . . . . Kinetic 302 | 10 93 26 . 165 8 Thermal 20 | 10 . . . . 10 Explosive 1489 | . 524 193 . 559 213 Electromagnetic . | . . . . . . Impact . | . . . . . . Slashing . | . . . . . . Piercing . | . . . . . . Highest Corruption 32 | . . . . . 32 Average Corruption 29 | . . . . . 29 Corruption Purged . | . . . . . . Corruption Blocked . | . . . . . . Effects 14 | . . . . . 14 Message Errors 2 | . . . . . 2 Matter Fused 4 | . . . . . 4 Heat Flow Errors 2 | . . . . . 2 Energy Discharges 4 | . . . . . 4 Data Loss (minor) 2 | . . . . . 2 Overload Shots . | . . . . . . Overflow Damage 6 | . . . . 4 2 Projectiles . | . . . . . . Explosions 6 | . . . . 4 2 Melee . | . . . . . . Knockbacks . | . . . . . . Impact . | . . . . . . Kinetic . | . . . . . . Secondary . | . . . . . . Self-Inflicted Damage 157 | . 40 . . 29 88 Shots 6 | . 1 . . 2 3 Rammed . | . . . . . . Targets Rammed 2 | . 2 . . . . Kicked 2 | . 2 . . . . Crushed . | . . . . . . Highest Temperature 188 | . 8 13 . 8 188 Average Temperature 21 | . 3 5 . 3 81 Received Heat Transfer 258 | . 90 33 . 135 . Siege Activations . | . . . . . . Martial Activations . | . . . . . . Shielding Activations . | . . . . . . Robots Disrupted . | . . . . . . Combat Hostiles . | . . . . . . Robots Corrupted . | . . . . . . Combat Hostiles . | . . . . . . Parts Fried . | . . . . . . Impact Corruptions . | . . . . . . Robots Melted . | . . . . . . Combat Hostiles . | . . . . . . Parts Melted . | . . . . . . Heat Transferred 50 | 25 . . . . 25 Parts Sabotaged . | . . . . . . Parts Stolen . | . . . . . . Parts Stripped . | . . . . . . Power Chain Reactions . | . . . . . . Alert | -11 -10 -10 -10 -9 -8 ------- Run | Yrd Mat Min Exi Min Mat Maximum Alert Level . | . . . . . . Low Security (%) 100 | 100 100 100 . 100 100 Level 1 . | . . . . . . Level 2 . | . . . . . . Level 3 . | . . . . . . Level 4 . | . . . . . . Level 5 . | . . . . . . High Security . | . . . . . . Max Security . | . . . . . . Peak Influence 151 | . 151 70 . 83 65 Initial 28 | . . 28 . . 27 Average 22 | . 56 28 . 14 8 Influence Increases 670 | . 251 72 . 250 97 Destroy 0b10 Robot/C 320 | . 80 40 . 180 20 Destroy 0b10 Robot/NC 25 | . 20 5 . . . Destroy Leader 64 | . 24 10 . 20 10 Successful Hack 3 | . . . . . 3 Disable Machine 30 | . 15 . . . 15 Destroy Structure 153 | . 37 17 . 50 49 Lose Combat Pursuer 75 | . 75 . . . . Influence Decreases 670 | . 178 145 . 180 167 Entered New Map 88 | . . 45 . . 43 Time Decay 542 | . 178 100 . 160 104 Lost Part 40 | . . . . 20 20 Squads Dispatched 2 | . 1 . . . 1 Investigation 1 | . . . . . 1 Extermination . | . . . . . . Reinforcement 1 | . 1 . . . . Assault . | . . . . . . Garrison . | . . . . . . Intercept . | . . . . . . Searches Triggered . | . . . . . . Construction Impeded . | . . . . . . Haulers Reinforced . | . . . . . . Active Scanning Responses . | . . . . . . Cargo Convoy Interrupts . | . . . . . . Stealth | -11 -10 -10 -10 -9 -8 --------- Run | Yrd Mat Min Exi Min Mat Distress Signals 1 | . 1 . . . . Communications Jammed . | . . . . . . Distress Signals . | . . . . . . Times Spotted 29 | . 15 2 . 11 1 Peak Tracking Total 5 | . 5 2 . 4 1 Tactical Retreats 2 | . 2 . . . . Traps | -11 -10 -10 -10 -9 -8 ------- Run | Yrd Mat Min Exi Min Mat Traps Triggered . | . . . . . . Indirectly . | . . . . . . Trap Hack Attempts . | . . . . . . Triggered . | . . . . . . Disarmed . | . . . . . . Reprogrammed . | . . . . . . Reused . | . . . . . . Traps Extracted . | . . . . . . Installed . | . . . . . . Triggered . | . . . . . . Machines | -11 -10 -10 -10 -9 -8 ---------- Run | Yrd Mat Min Exi Min Mat Machines Disabled 2 | . 1 . . . 1 Max in Single Turn 1 | . 1 . . . 1 Machines Repaired . | . . . . . . Machines Dismantled . | . . . . . . Machines Sabotaged . | . . . . . . Overloaded Fab Kills . | . . . . . . Hacking | -11 -10 -10 -10 -9 -8 --------- Run | Yrd Mat Min Exi Min Mat Machines Accessed 9 | . 4 . 1 . 4 Terminals 5 | . 2 . . . 3 Fabricators . | . . . . . . Repair Stations 2 | . 1 . . . 1 Recycling Units 1 | . 1 . . . . Scanalyzers . | . . . . . . Garrison Access . | . . . . . . Total Hacks 19 | . 8 . 1 . 10 Successful 6 | . 3 . 1 . 2 Failed 13 | . 5 . . . 8 Catastrophic 4 | . 2 . . . 2 Database Lockouts . | . . . . . . Manual 9 | . 2 . 1 . 6 Terminals 10 | . 4 . . . 6 Fabricators . | . . . . . . Repair Stations 7 | . 3 . . . 4 Recycling Units 1 | . 1 . . . . Scanalyzers . | . . . . . . Garrison Access . | . . . . . . Terminal Hacks 1 | . . . 1 . . Proto ID Catalog 1 | . . . 1 . . Fabricator Hacks . | . . . . . . Repair Station Hacks 4 | . 2 . . . 2 Scan Component 2 | . 1 . . . 1 Repair 2 | . 1 . . . 1 Recycling Unit Hacks 1 | . 1 . . . . Report Inventory 1 | . 1 . . . . Scanalyzer . | . . . . . . Garrison Access Hacks . | . . . . . . Unauthorized Hacks . | . . . . . . Terminals . | . . . . . . Fabricators . | . . . . . . Repair Stations . | . . . . . . Recycling Units . | . . . . . . Scanalyzers . | . . . . . . Garrison Access . | . . . . . . Data Cores Recovered . | . . . . . . Used . | . . . . . . Hacking Detections 8 | . 4 . . . 4 Full Trace Events 1 | . . . . . 1 Feedback Events . | . . . . . . Feedback Blocked . | . . . . . . Robot Schematics Acquired . | . . . . . . Robots Built . | . . . . . . Authchips . | . . . . . . Time . | . . . . . . Total Robot Build Rating . | . . . . . . Part Schematics Acquired . | . . . . . . Parts Built . | . . . . . . Authchips . | . . . . . . Time . | . . . . . . Total Part Build Rating . | . . . . . . Parts Repaired 2 | . 1 . . . 1 Time 58 | . 26 . . . 32 Parts Recycled . | . . . . . . Recycled Matter . | . . . . . . Retrieved Matter . | . . . . . . Retrieved Components . | . . . . . . Parts Scanalyzed . | . . . . . . Part Schematics Acquired . | . . . . . . Parts Damaged . | . . . . . . Bothacking | -11 -10 -10 -10 -9 -8 ------------ Run | Yrd Mat Min Exi Min Mat Used RIF Installer . | . . . . . . Robots Hacked . | . . . . . . Non-combat . | . . . . . . Combat . | . . . . . . Robot Hacks Applied . | . . . . . . Relay Couplers Released . | . . . . . . Fabnet Peak Effective % . | . . . . . . Robots Rewired . | . . . . . . Allies Hacked . | . . . . . . Hacks Repelled . | . . . . . . Allies | -11 -10 -10 -10 -9 -8 -------- Run | Yrd Mat Min Exi Min Mat Total Allies . | . . . . . . Largest Group . | . . . . . . Highest-Rated Group . | . . . . . . Highest-Rated Ally . | . . . . . . Total Orders . | . . . . . . Ally Attacks . | . . . . . . Total Damage . | . . . . . . Kills . | . . . . . . Allies Corrupted . | . . . . . . Allies Melted . | . . . . . . Intel | -11 -10 -10 -10 -9 -8 ------- Run | Yrd Mat Min Exi Min Mat Active Infowar (turns) 660 | . . 101 118 . 441 Sensors 219 | . . 101 118 . . Machine Analysis 441 | . . . . . 441 Robot Analysis Total . | . . . . . . Derelict Logs Recovered 1 | . . 1 . . . Drone Launches . | . . . . . . Drone Recoveries . | . . . . . . Exploration | -11 -10 -10 -10 -9 -8 ------------- Run | Yrd Mat Min Exi Min Mat Turns Passed 2743 | 71 512 235 268 862 795 Spaces Moved 1484 | 54 353 184 220 336 337 Core 19 | 19 . . . . . Treads . | . . . . . . Legs 1465 | 35 353 184 220 336 337 Wheels . | . . . . . . Hover . | . . . . . . Flight . | . . . . . . Fastest Speed 50 | 50 120 120 120 120 120 Average Speed 119 | 95 120 120 120 120 120 Slowest Speed 120 | 120 120 120 120 120 120 Overloaded Moves . | . . . . . . Propulsion Burnouts . | . . . . . . Robots Hopped . | . . . . . . Potential Cave-ins 34 | . . . . . 34 Cave-ins Triggered 14 | . . . . . 14 Exploration Rate (%) 43 | 4 62 55 42 83 14 Regions Visited 5 Branch Regions 3 Pre-discovered Areas . | . . . . . . Known Exits Taken . | . . . . . . Unknown Exits Taken 5 | 1 1 1 1 1 . Scrap Searched 3 | . . . . 3 . Spaces Dug 25 | . . . . . 25 Terrain Destroyed 272 | . 45 17 . 90 120 Melee . | . . . . . . Projectile . | . . . . . . AOE 272 | . 45 17 . 90 120 Terrain Rammed . | . . . . . . Walls Destroyed . | . . . . . . Machines Disabled . | . . . . . . Actions | -11 -10 -10 -10 -9 -8 --------- Run | Yrd Mat Min Exi Min Mat Total 2368 | 71 415 190 226 754 712 Wait 759 | . 39 . . 371 349 Move 1475 | 53 352 183 219 335 333 Hop . | . . . . . . Pick Up 28 | 11 4 . 3 6 4 Fast Attach 7 | 1 1 1 . 1 3 Attach 9 | 5 . . . 2 2 Detach . | . . . . . . Swap 8 | . 1 1 . 5 1 Drop 18 | . 2 1 4 7 4 Fire 58 | 1 14 4 . 27 12 Melee . | . . . . . . Ram . | . . . . . . Kick 2 | . 2 . . . . Crush . | . . . . . . Escape Stasis 4 | . . . . . 4 Rewire . | . . . . . . Trap . | . . . . . . Miscellaneous . | . . . . . . Route ------- -11/Scrapyard -10/Materials (discovered 3 exits: *Mat x2 / [*Min]) -10/Mines (discovered 3 exits: *Mat x2 / *Exi) -10/Exiles -9/Mines -8/Materials History --------- Turn | Location | Event 3 | -11/Scrapyard | Discovered new exit (range 15) 72 | -11/Scrapyard | Entered Materials 248 | -10/Materials | Discovered new exit (range 15) 306 | -10/Materials | Build established: Mutant 451 | -10/Materials | Repaired Grenade Launcher 482 | -10/Materials | Discovered new exit (range 10) 543 | -10/Materials | Discovered new exit (range 9) 584 | -10/Materials | Entered Mines 664 | -10/Mines | Discovered new exit (range 11) 671 | -10/Mines | Identified exit to Materials 714 | -10/Mines | Found a damaged Exp. Sensor Array with a note attached 718 | -10/Mines | Found Prototype Device 718 | -10/Mines | Identified Exp. Sensor Array 812 | -10/Mines | Deemed a non-threat by the Exiles lab entrance 813 | -10/Mines | Discovered new exit (range 5) 819 | -10/Mines | Entered Exiles 851 | -10/Exiles | Met 8R-AWN 870 | -10/Exiles | Met EX-HEX 907 | -10/Exiles | Met EX-BIN 921 | -10/Exiles | Aligned with FarCom system 923 | -10/Exiles | Given EX-Vault access code 952 | -10/Exiles | Opened EX-Vault 960 | -10/Exiles | Found Potential Leg 965 | -10/Exiles | Found Potential Leg 992 | -10/Exiles | Warned to stay clear of 0b10 Research branches 1070 | -10/Exiles | Discovered new exit (range 15) 1087 | -10/Exiles | Left Exiles lab with Potential Leg 1087 | -10/Exiles | Entered Mines 1190 | -9/Mines | Received a Rocket Launcher from a helpful Derelict 1311 | -9/Mines | Excavation squad dispatched 1311 | -9/Mines | A large section of the Mines collapsed 1458 | -9/Mines | Core integrity fell below 50% 1502 | -9/Mines | Core integrity fell below 20% 1561 | -9/Mines | Excavation squad dispatched 1811 | -9/Mines | Excavation squad dispatched 1911 | -9/Mines | Discovered new exit (range 7) 1949 | -9/Mines | Entered Materials 1949 | -8/Materials | Evolved 4 slots: Power x1, Propulsion x2, Utility x1 2104 | -8/Materials | Repaired Imp. Aluminum Leg 2407 | -8/Materials | Crushed by falling debris 2415 | -8/Materials | Crushed by falling debris 2416 | -8/Materials | System corruption reached 10% 2416 | -8/Materials | Crushed by falling debris 2447 | -8/Materials | Lost 6 parts (1p1n2u2w) 2449 | -8/Materials | Crushed by falling debris 2450 | -8/Materials | Crushed by falling debris 2512 | -8/Materials | Crushed by falling debris 2512 | -8/Materials | System corruption reached 30% 2550 | -8/Materials | Crushed by falling debris 2554 | -8/Materials | Crushed by falling debris 2606 | -8/Materials | Crushed by falling debris 2606 | -8/Materials | Core integrity fell below 50% 2611 | -8/Materials | Crushed by falling debris 2656 | -8/Materials | Crushed by falling debris 2721 | -8/Materials | Crushed by falling debris 2721 | -8/Materials | Core integrity fell below 20% 2725 | -8/Materials | Crushed by falling debris 2745 | -8/Materials | Crushed by falling debris 2745 | -8/Materials | Smashed by cave-in Last Messages --------------- 02554_ System corrupted by crushing effect (+1). 02568_ System corrupted: Matter fused (-8). 02606_ The unstable cave ceiling collapses. 02606_ Crushed by falling debris. 02608_ System corrupted: Energy discharge (-31). 02611_ The unstable cave ceiling collapses. 02611_ Crushed by falling debris. 02627_ System corrupted: Heat flow error (+219). 02645_ System corrupted: Component data lost. 02656_ The unstable cave ceiling collapses. 02656_ Crushed by falling debris. 02683_ System corrupted: Heat flow error (+112). 02699_ System corrupted: Matter fused (-10). 02714_ System corrupted: Component data lost. 02721_ The unstable cave ceiling collapses. 02721_ Crushed by falling debris. 02725_ The unstable cave ceiling collapses. 02725_ Crushed by falling debris. 02745_ The unstable cave ceiling collapses. 02745_ Crushed by falling debris. Map ----- +----------------------------------------------------+ | ?????????????????????????????????# """ #???## | | ?????????????????????????????"""?###+############ | | ?????????????????????????????"""?# | | ???????????????????????????? """ + | | ???????????????????????????# # | | ???????????????????????????# ! ??# ############## | | ???????????????????????????# ????# # #???## | | ???????????????????????????# ????# # """ #????? | | ???????????????????????????# =??# # "R" ###### | | ???????????????????????????# = # # " " # | | ?????????????????????????????Y??## # + | | ???????????????????????????????# # # # | | ??????????????????????????????# # # !!! # | | ??????????????????????????????## # # !!! # | | ??????????????????????????????# # # ! [ # | | ??????????????????????????????## # # ######## | | ???????????????????????????????# # ## #????# "" | | ??????????????????????????????# # # #????# "" | | ?????????????????????????????# # # # #????# "" | | ?????????????????Y???????????## ## # ##????# | | ????????????????????????########## # #????# | | ????????????????????????# # # ## # #?####+### | | ????????????????????????## # ### ####?# # | | ????????????????????????# # # # ##??# """ # | | ????????????????????????#### ## ##### """ =# | | ????????????????????"""?#@## # + """ # | | ????????????????????"""?#### # ##### # | | ????????????????????"""????##### #???# # | | ??????????????????????????????####+###???######## | | ???????????????????????????????? ???????????## | | ???????????????????????????????# """ #??????????? | | ???????????????????????????????# """ #??????????? | | ???????????????????????????????# """ #??????????? | | ???????????????????????????????# !#??????????? | | ???????????????????????????????# ! #??????????? | | ???????????????????????????????########??????????? | | ?????????????????????????????????????????????????? | | ?????????????????????????????????????????????????? | | | | | | | | | | | | | | | | | | | | | | | | | +----------------------------------------------------+ Best States ------------- Heat Dissipation 45 Energy Generation 25 Energy Capacity 250 Matter Stores 288 Matter Capacity 300 Sight Range 16 Robot Scan Range 20 Terrain Scan Density 10 Evasion (%) 55 Item Schematics ----------------- None Robot Schematics ------------------ None Fabricated ------------ Nothing Repaired ---------- Grenade Launcher | 55% | -10/Materials Imp. Aluminum Leg | 38% | -8/Materials Alien Tech Used ----------------- None Achievements -------------- None Challenges ------------ None Game ------ Seed LinearHeavyPrototype Manual? 0 Play Time 00:19:30 Cumulative 19.3 hours Start 2025.06.16 @ 11:37:59 End 2025.06.16 @ 11:53:50 Sessions 1 Manual Loads 0 Difficulty Rogue Special Mode None Game No. 25 Rogue 25 Adventurer 0 Explorer 0 Win Type - Total 0 Types 0/0/0/0/0/0/0/0/0/0 Lore% 16 Gallery% 22 Achievement% 25 Wizard Run 0 Options --------- Layout 1 ASCII 0 Keyboard 0 Movement Mouse Keybinds 0 Fullscreen 2 Font 24/Smallcaps Map View 50x35 Zoom Use 0% Tactical HUD 1 Map Filters NONE Filters NONE Steam 1 RUN: 30faa73a-da27-4404-9c6e-e1c9dd0a3426